 Dungeon Crawl Stone Soup version 0.23.2-30-g0e89c35 (webtiles) character file.

Game seed: 6327908746439976982

947 Fortress the Poker (level 7, -2/67 HPs)
             Began as a Deep Dwarf Berserker on June 11, 2019.
             Was an Elder of Trog.
             Slain by an ogre
             ... wielding a +0 giant spiked club
              (18 damage)
             ... on level 4 of the Dungeon.
             The game lasted 00:18:04 (3535 turns).

Fortress the Poker (Deep Dwarf Berserker)           Turns: 3535, Time: 00:18:04

Health: -2/67      AC: 11    Str: 22      XL:     7   Next: 89%
Magic:  5/5        EV: 10    Int:  8      God:    Trog [****..]
Gold:   215        SH:  0    Dex: 11 (12) Spells: 6/6 levels left

rFire    . . .     SeeInvis .   e - +2 spear (flame)
rCold    . . .     Gourm    .   (no shield)
rNeg     . . .     Faith    .   k - +4 scale mail
rPois    .         Spirit   .   u - +0 helmet
rElec    .         Reflect  .   (no cloak)
rCorr    .         Harm     .   (no gloves)
MR       +++..                  (no boots)
Stlth    ..........             (no amulet)
HPRegen  1.00/turn              (no ring)
MPRegen  0.09/turn              (no ring)

@: non-regenerating
A: damage resistance, heal wounds, sense surroundings 1, no regeneration
a: Heal Wounds, Berserk, Trog's Hand, Brothers in Arms, Renounce Religion


You were on level 4 of the Dungeon.
You worshipped Trog.
Trog was greatly pleased with you.
You were hungry.

You visited 2 branches of the dungeon, and saw 6 of its levels.

You collected 215 gold pieces.

Inventory:

Hand Weapons
 e - a +2 spear of flaming (weapon)
 t - a +0 trident of piercing
Missiles
 n - 69 stones (quivered)
Armour
 a - a +3 scale mail of positive energy
 h - a +0 buckler
 k - a +4 scale mail (worn)
 u - a +0 helmet (worn)
Jewellery
 x - a +1 ring of protection {unknown}
Wands
 y - a wand of polymorph (7)
Scrolls
 b - a scroll of enchant weapon {unknown}
 d - a scroll of amnesia {unknown}
 g - 7 scrolls of identify {unknown}
 i - 3 scrolls of teleportation {unknown}
 j - 3 scrolls of remove curse {unknown}
 m - a scroll of blinking {unknown}
 o - a scroll of random uselessness {unknown}
 r - a scroll of enchant armour {unknown}
 v - a scroll of noise {unknown}
Potions
 f - 3 potions of curing
 l - a potion of degeneration {unknown}
 p - a potion of agility {unknown}
 q - 6 potions of heal wounds {unknown}
 s - 2 potions of brilliance {unknown}
 w - a potion of ambrosia {unknown}
 z - a potion of haste {unknown}
Comestibles
 c - 8 rations
 A - 3 chunks of flesh


   Skills:
 + Level 5.5 Fighting
   Level 3.3(6.0) Axes
 + Level 6.5(6.8) Polearms
 - Level 2.2 Armour
 - Level 2.2 Dodging


You had 6 spell levels left.
You didn't know any spells.
Your spell library was empty.

Dungeon Overview and Level Annotations

Branches:
Dungeon (5/15)             Temple (1/1) D:4

Altars:
Ashenzari
Cheibriados
Dithmenos
Elyvilon
Kikubaaqudgha
Makhleb
Nemelex Xobeh
Okawaru
Qazlal
Ru
Sif Muna
Trog
Uskayaw
Vehumet
Xom
Yredelemnul
Zin
The Shining One


Innate Abilities, Weirdness & Mutations

You are resistant to damage.
You can heal yourself by infusing magical energy.
You passively map a small area around you.
You do not regenerate.


Message History

There is a stone staircase leading down here.
Deactivating autopickup; reactivate with Ctrl-A.
You barely miss something. Something hits you but does no damage.
The ogre hits you with a +0 giant spiked club!!
You closely miss something. Something hits you but does no damage.
Your skin crawls.
You feel resistant to hostile enchantments.
You are feeling hungry.
The ogre closely misses you. Something hits you but does no damage.
You hit the ogre but do no damage. Something hits you but does no damage.
You hit the ogre. You burn the ogre.
The ogre is moderately wounded.
You recover from your berserk rage.
The ogre hits you with a +0 giant spiked club!
* * * LOW HITPOINT WARNING * * *
Something hits you but does no damage.
You hit the ogre. You burn the ogre.
The ogre is moderately wounded.
The ogre hits you with a +0 giant spiked club!!
You die...

....##.....# ##.......)......
.....##....# #.......#.......
≈≈....#....# #.......##.##.##
≈≈≈...####.#######...............
..≈≈.....#......................(
>.≈≈..._.#######......#.....<####
..≈≈.....#..##....#..>......##
≈≈≈...#####....#{##...#######
≈≈....#........)@.....#
.....##...##.....O.#.##
....##....#..#....##.# #
..###.....).#..#..##.# #
###........##.##.....# #
.....................############
........>..#####.................
...........# #.....#########...
...........# ####..##### #.##


You could see an ogre.

Vanquished Creatures
  A phantom (D:4)
  An ogre (D:4)
  A centaur (D:3)
  A scorpion (D:4)
  A howler monkey (D:4)
  A quasit (D:4)
  A hound (D:4)
  An orc priest (D:4)
  2 orc wizards (D:4)
  Terence (D:3)
  2 iguanas (D:4)
  4 worker ants (D:4)
  Robin (D:3)
  3 gnolls (D:3)
  10 adders
  2 oozes
  An adder skeleton (D:5)
  5 worms
  3 dart slugs
  4 leopard geckos
  17 orcs
  9 bats
  3 giant cockroaches
  9 hobgoblins
  2 jackals (D:2)
  6 kobolds
  3 quokkas
  13 frilled lizards
  13 goblins
  4 rats
125 creatures vanquished.

Notes
Turn   | Place    | Note
-------+----------+-------------------------------------------
     0 | D:1      | Fortress the Deep Dwarf Berserker began the quest for the
                  | Orb.
     0 | D:1      | Reached XP level 1. HP: 20/20 MP: 1/1
   123 | D:1      | Reached XP level 2. HP: 19/28 MP: 2/2
   516 | D:1      | Reached XP level 3. HP: 36/36 MP: 3/3
   753 | D:2      | Reached ** piety under Trog
   930 | D:2      | Reached skill level 1 in Polearms
   984 | D:2      | Reached XP level 4. HP: 27/44 MP: 4/4
  1536 | D:3      | Noticed a centaur
  1543 | D:3      | Killed a centaur
  1543 | D:3      | Reached skill level 2 in Polearms
  1543 | D:3      | Reached XP level 5. HP: 34/51 MP: 5/5
  1684 | D:3      | Reached skill level 3 in Polearms
  1858 | D:3      | Reached *** piety under Trog
  2010 | D:3      | Noticed Robin
  2023 | D:3      | Reached XP level 6. HP: 37/60 MP: 6/6
  2030 | D:3      | Killed Robin
  2254 | D:3      | Noticed Terence
  2272 | D:3      | Killed Terence
  2480 | D:4      | Reached skill level 4 in Polearms
  2484 | D:4      | Reached skill level 5 in Fighting
  2579 | D:4      | Reached XP level 7. HP: 54/67 MP: 6/6
  2593 | D:4      | Found a staircase to the Ecumenical Temple.
  2666 | D:4      | Reached skill level 5 in Polearms
  2688 | D:4      | Reached **** piety under Trog
  2713 | Temple   | Entered the Ecumenical Temple
  2973 | D:4      | Found a shimmering altar of Xom.
  3047 | D:4      | Found a glowing silver altar of Zin.
  3130 | D:4      | Reached skill level 6 in Polearms
  3133 | D:4      | Found a deep blue altar of Sif Muna.
  3234 | D:4      | Found a glowing golden altar of the Shining One.
  3429 | D:5      | Entered Level 5 of the Dungeon
  3535 | D:4      | Slain by an ogre

Skill      XL: |  1  2  3  4  5  6  7 |
---------------+----------------------+-----
Fighting       | 3 4 5 |  5.5
Polearms       | 1 2 3 4 6 |  6.5
Axes           | |  3.3
Armour         | |  2.2
Dodging        | |  2.2

Action                   |  1- 3 |  4- 6 |  7- 9 || total
-------------------------+-------+-------+-------++-------
Melee: Spear             |   103 |   253 |   156 ||   512
       Hand axe          |     9 |       |       ||     9
Invok: Trog's Hand       |       |       |     2 ||     2
       Berserk           |       |       |     1 ||     1
 Abil: Heal Wounds       |     1 |     3 |     1 ||     5
 Stab: Sleeping          |     2 |       |       ||     2
  Eat: Chunk             |       |     5 |     2 ||     7
       Ration            |       |       |     1 ||     1
Armor: Animal skin       |     7 |       |       ||     7
       Scale mail        |    37 |    97 |    80 ||   214
Dodge: Dodged            |    47 |    93 |    64 ||   204
